Map: Orbital Shipyard

Players

LilDicky

  • Race: Terran Terran
  • League: Diamond

MyNikka - Winner!

  • Race: Zerg Zerg
  • League: Diamond

VOD

http://www.twitch.tv/tumescentpie

Description

Time

  • Played on: Dec. 11, 2015, 2:31 p.m.
  • Length: 23:09
Show
View Real Time Build Order
Export as new Build Order

LilDicky Terran 

Build Orders: Liberator Opening, Reaper Expand 

Get SALT Encoding   

  12  0:01  SCV  
  13  0:13  SCV  
  14  0:17  Supply Depot  
  14  0:25  SCV  
  15  0:30  Refinery  
  15  0:39  SCV  
  16  0:45  Barracks  
  16  0:53  SCV  
  17  1:05  SCV  
  18  1:17  SCV  
  19  1:32  Reaper  
  21  1:34  Orbital Command  
  20  1:47  Command Center  
  20  2:00  SCV, Factory  
  21  2:08  Refinery  
  21  2:13  Supply Depot  
  21  2:18  SCV  
  22  2:24  Marine  
  22  2:27  Refinery  
  23  2:35  SCV  
  24  2:42  Marine  
  24  2:47  SCV  
  24  2:48  Armory  
  25  2:53  Factory Tech Lab  
  25  2:59  SCV, Starport  
  26  3:10  Orbital Command  
  26  3:18  SCV  
  27  3:20  Marine  
  28  3:30  SCV  
  29  3:40  Liberator  
  29  3:42  SCV  
  29  3:44  Thor  
  36  3:52  SCV  
  36  3:54  SCV  
  40  3:59  Marine  
  42  4:13  SCV  
  42  4:14  SCV  
  44  4:17  Marine  
  44  4:22  Supply Depot  
  45  4:25  SCV  
  46  4:39  Supply Depot, Liberator  
  46  4:43  Thor, Marine  
  46  4:44  SCV  
  54  4:47  Supply Depot  
  54  4:56  SCV x2  
  54  4:57  Supply Depot  
  59  5:01  Marine  
  60  5:08  SCV  
  61  5:22  Liberator  
  61  5:26  Thor  
  67  5:31  Supply Depot  
  67  5:33  SCV  
  68  5:35  Refinery  
  68  5:42  Command Center  
  57  6:09  Thor  
  63  6:14  SCV x2, Liberator  
  63  6:16  Starport  
  65  6:26  SCV  
  65  6:27  SCV  
  70  6:39  SCV  
  66  6:42  Barracks  
  66  6:43  Barracks  
  66  6:44  Barracks x2  
  66  6:45  Barracks Tech Lab  
  66  6:46  Barracks  
  60  6:49  SCV  
  60  6:53  Starport Reactor  
  61  6:55  Engineering Bay  
  61  6:57  Liberator  
  61  7:05  Marine  
  61  7:06  Stimpack  
  65  7:15  Orbital Command  
  65  7:17  Liberator  
  65  7:20  Liberator  
  65  7:22  Marine  
  65  7:24  Command Center  
  65  7:26  SCV  
  67  7:33  SCV  
  71  7:38  SCV  
  71  7:40  Marine  
  71  7:42  Supply Depot  
  71  7:43  SCV  
  77  7:45  SCV, Marine x2  
  77  7:50  SCV  
  77  7:56  Liberator  
  77  7:58  Marine  
  77  7:59  Command Center  
  76  8:11  Thor  
  79  8:13  Liberator x2  
  79  8:16  Marine  
  78  8:23  Orbital Command  
  78  8:26  Marine x5  
  69  8:34  Marine  
  71  8:38  Liberator  
  67  8:44  Marine x5  
  66  8:50  SCV x2  
  66  8:52  Marine  
  66  8:53  Terran Vehicle And Ship Armor Level 1, Thor  
  75  9:01  Marine  
  75  9:02  Marine x4  
  82  9:09  Marine  
  75  9:15  Orbital Command  
  64  9:19  SCV, Marine  
  66  9:27  SCV  
  66  9:28  Barracks Reactor x2  
  66  9:29  Barracks Tech Lab  
  66  9:30  Barracks Tech Lab  
  67  9:31  SCV  
  53  9:55  Orbital Command  
  51  10:02  Marine x2, Liberator x2  
  51  10:03  Marine x2  
  45  10:07  Supply Depot  
  45  10:17  SCV x2  
  45  10:18  Starport Tech Lab  
  45  10:20  Marine x2  
  45  10:21  Marine x6  
  58  10:22  Combat Shields  
  58  10:26  SCV  
  62  10:29  SCV  
  62  10:30  Siege Tank  
  62  10:31  SCV  
  67  10:38  Marine x3  
  67  10:39  SCV, Marine  
  67  10:41  Orbital Command  
  72  10:43  Marine  
  72  10:44  Marine x3  
  72  10:46  Banshee  
  72  10:48  Cloaking Field  
  78  10:56  Marine x2  
  80  11:03  Liberator x2  
  77  11:17  Siege Tank  
  84  11:28  Marine x5  
  84  11:30  Medivac  
  91  11:33  Command Center  
  91  11:48  Supply Depot  
  91  11:53  Orbital Command  
  71  12:00  Medivac  
  53  12:29  Orbital Command  
  53  12:32  Siege Tank  
  53  12:33  Banshee  
  53  12:34  Medivac x2  
  53  12:36  Marine x2  
  53  12:37  Marine x5  
  70  12:45  Marine  
  70  12:48  Command Center, Liberator  
  70  12:49  Liberator  
  70  12:50  SCV  
  72  12:54  SCV, Marine x5  
  72  12:55  Marauder, Marine  
  72  12:58  Terran Infantry Weapons Level 1  
  81  13:02  Marine  
  81  13:03  Engineering Bay  
  82  13:12  Marine x6  
  90  13:16  Marine  
  95  13:20  Marine  
  96  13:30  Marine x6  
  102  13:34  Marine  
  100  13:42  Marine  
  100  13:47  Marine  
  101  13:49  Missile Turret  
  94  14:16  Marine x5  
  94  14:17  Marine x3  
  81  14:25  SCV, Missile Turret  
  81  14:26  SCV  
  81  14:27  SCV  
  84  14:34  Marine x4  
  84  14:37  Missile Turret  
  84  14:38  SCV x2  
  87  14:39  SCV  
  87  14:43  Marine  
  87  14:44  Marine x3  
  78  14:50  SCV x2  
  78  14:51  Marine  
  78  14:52  Terran Infantry Weapons Level 2, Barracks, Marine x2  
  80  14:53  Terran Infantry Armor Level 1, Barracks  
  80  14:54  Medivac x2  
  80  14:57  SCV  
  85  15:02  SCV x2  
  85  15:04  Marine x2  
  85  15:05  Marauder  
  85  15:06  Marine  
  92  15:07  Marine  
  92  15:10  Marine x2  
  92  15:12  SCV  
  92  15:13  Marine  
  97  15:18  Planetary Fortress  
  97  15:21  Missile Turret x2  
  97  15:22  Marine x2  
  97  15:23  Marine  
  97  15:25  Marine, Medivac x2  
  97  15:26  Marine  
  106  15:30  Marine x2  
  106  15:31  Marine  
  109  15:39  Marine  
  110  15:44  Marine x3  
  110  15:49  Missile Turret  
  113  15:50  Missile Turret  
  113  15:51  Missile Turret, Orbital Command  
  113  15:56  Marine x3  
  114  15:58  Missile Turret  
  79  16:29  Marine x8  
  79  16:30  Marine x2  
  59  16:47  Marine x4  
  58  16:51  Command Center, Marine x2  
  58  16:52  Marine  
  58  16:53  Marine x3  
  68  17:00  Orbital Command  
  68  17:04  Marine  
  68  17:05  Marine  
  68  17:06  Supply Depot  
  70  17:13  Marine x3  
  70  17:15  Marine  
  71  17:16  Marine  
  71  17:22  Liberator x3  
  69  18:05  Liberator x3  
  69  18:08  Supply Depot  
  69  18:09  Supply Depot  
  69  18:11  Supply Depot  
  69  18:15  Supply Depot  
  69  18:24  Marine x2  
  69  18:25  Marine x3  
  69  18:26  Marauder x2  
  81  18:32  Orbital Command  
  77  18:43  Supply Depot  
  77  18:45  Marine x2  
  77  18:46  Marine  
  77  18:47  Marauder x2, Marine  
  85  18:52  Marine x2  
  85  18:53  Marine  
  88  19:07  Supply Depot  
  88  19:10  Supply Depot  
  88  19:11  Supply Depot  
  88  19:13  Supply Depot  
  80  19:20  Marine x3  
  80  19:21  Marauder x2  
  87  19:27  Orbital Command  
  87  19:30  Marine x4  
  84  19:48  Marine  
  84  19:49  Marauder x2, Marine x2  
  90  19:55  Marine  
  91  20:09  Refinery  
  91  20:10  Refinery x2  
  91  20:11  SCV  
  91  20:12  Refinery  
  91  20:13  SCV  
  93  20:15  SCV  
  93  20:16  Marine  
  93  20:17  Marine  
  96  20:23  SCV  
  96  20:25  SCV  
  98  20:35  SCV  
  99  20:37  SCV  
  92  20:49  SCV  
  85  20:56  Marine  
  84  20:57  Marine x9  
  84  21:03  Viking x2  
  93  21:14  Marine x2  
  95  21:19  Marine x3  
  95  21:20  Marauder x2  
  102  21:26  Missile Turret  
  102  21:29  Marine x3  
  102  21:30  Orbital Command  
  94  21:41  Marauder x2  
  98  21:51  Command Center  
  98  21:58  Marine x2  
  100  22:03  Marauder  
  51  22:31  Marine x6  
  48  22:44  Marine  
  48  22:45  Marine  
Show
View Real Time Build Order
Export as new Build Order

MyNikka Zerg - Winner!

Build Orders: Hatch First 

Get SALT Encoding   

  12  0:02  Drone  
  13  0:13  Overlord  
  13  0:18  Drone  
  14  0:32  Drone x2  
  17  0:35  Drone  
  17  0:53  Hatchery  
  17  0:56  Drone  
  17  1:01  Drone, Extractor  
  17  1:15  Spawning Pool  
  17  1:18  Drone  
  17  1:21  Drone  
  18  1:29  Drone  
  20  1:40  Drone  
  20  1:50  Drone  
  21  2:03  Metabolic Boost  
  21  2:04  Queen  
  21  2:06  Queen  
  21  2:07  Zergling x4  
  27  2:14  Overlord  
  27  2:19  Drone  
  28  2:34  Drone x2  
  28  2:35  Drone  
  30  2:41  Pneumatized Carapace  
  30  2:45  Queen  
  30  2:47  Overlord  
  30  2:48  Drone  
  30  2:50  Drone  
  34  2:54  Drone  
  35  3:09  Drone x2  
  37  3:27  Overlord  
  37  3:28  Drone x5  
  37  3:29  Hatchery  
  41  3:39  Roach Warren  
  40  3:41  Extractor  
  40  3:43  Extractor  
  40  3:46  Drone x5  
  43  4:16  Drone x3  
  47  4:17  Drone x4  
  47  4:19  Spore Crawler  
  47  4:22  Lair, Spore Crawler  
  48  4:24  Overlord x2  
  48  4:26  Overlord  
  48  4:40  Drone x2  
  48  4:41  Evolution Chamber, Drone  
  48  4:42  Evolution Chamber  
  48  4:44  Queen  
  51  4:49  Drone x3, Extractor  
  51  4:51  Drone  
  54  4:57  Roach x2  
  54  4:58  Roach  
  60  5:08  Zerg Missile Weapons Level 1  
  60  5:09  Zerg Ground Armor Level 1  
  60  5:14  Roach x3  
  64  5:26  Ravager x2  
  64  5:27  Ravager  
  66  5:28  Roach  
  66  5:29  Roach x3  
  66  5:32  Overlord x2  
  72  5:40  Ravager  
  67  6:07  Ravager  
  67  6:08  Ravager x4  
  72  6:15  Zergling x10  
  72  6:16  Zergling x4  
  79  6:22  Overlord  
  79  6:31  Roach  
  79  6:32  Roach  
  76  6:52  Roach  
  76  6:53  Roach x6  
  90  6:56  Overlord  
  90  7:00  Hatchery  
  89  7:13  Overlord  
  89  7:14  Overlord  
  88  7:17  Overlord x4  
  88  7:20  Zerg Ground Armor Level 2, Zerg Missile Weapons Level 2  
  88  7:29  Ravager  
  90  7:30  Ravager  
  90  7:32  Overlord x2  
  90  7:33  Zergling x10  
  87  7:52  Ravager x5  
  87  7:53  Zergling x2  
  87  7:54  Zergling x10  
  89  8:19  Roach x7  
  99  8:20  Roach  
  88  8:30  Roach x3  
  88  8:33  Queen  
  96  8:48  Ravager  
  96  8:49  Ravager  
  96  8:51  Roach x6  
  110  8:57  Queen  
  110  8:59  Hatchery  
  99  9:21  Ravager x4  
  99  9:22  Ravager  
  99  9:23  Zergling x2  
  99  9:24  Zergling x20  
  108  9:30  Drone  
  75  10:05  Roach  
  75  10:06  Roach x18  
  104  10:14  Drone x2  
  106  10:25  Drone x4  
  110  10:40  Drone x6  
  116  10:43  Extractor  
  116  10:49  Extractor  
  114  10:52  Glial Reconstitution  
  114  10:56  Roach x4  
  114  10:57  Roach  
  124  10:58  Drone x7  
  131  11:05  Ravager  
  131  11:06  Ravager x4  
  127  11:22  Ravager x2  
  127  11:23  Ravager  
  130  11:26  Drone x5  
  130  11:27  Drone x2  
  137  11:37  Ravager x2  
  127  12:04  Hatchery  
  127  12:05  Extractor  
  127  12:06  Extractor  
  127  12:08  Infestation Pit  
  100  12:26  Spire  
  96  12:35  Drone x2  
  96  12:50  Hive  
  96  12:51  Zerg Melee Weapons Level 1  
  96  13:01  Ravager x4  
  96  13:02  Ravager  
  99  13:33  Spore Crawler  
  97  13:41  Corruptor x5  
  95  13:44  Zergling x2  
  95  13:45  Zergling x32  
  95  13:46  Zergling x40  
  139  14:12  Corruptor x2  
  139  14:13  Corruptor x2  
  138  14:23  Queen  
  130  14:48  Ultralisk Cavern  
  129  14:55  Zergling x14  
  129  14:56  Zergling x38  
  129  14:58  Ravager x2  
  129  14:59  Ravager x2, Queen  
  161  15:12  Queen  
  163  15:30  Zerg Melee Weapons Level 2  
  163  15:31  Zerg Ground Armor Level 3  
  163  15:43  Overlord x5  
  123  16:30  Ultralisk x4  
  123  16:31  Ultralisk  
  112  16:40  Ultralisk  
  112  16:44  Zergling x14  
  119  16:58  Chitinous Plating  
  109  17:22  Adrenal Glands  
  108  17:28  Corruptor  
  108  17:29  Corruptor x2  
  114  17:53  Zergling x2  
  114  17:54  Queen  
  114  18:01  Zergling x2  
  114  18:02  Zergling x26  
  128  18:16  Queen  
  128  18:25  Zerg Melee Weapons Level 3  
  128  18:26  Zerg Missile Weapons Level 3  
  123  18:57  Zergling x12  
  123  18:58  Zergling x10  
  134  19:09  Hatchery  
  133  19:25  Ultralisk x2  
  135  19:49  Drone x6  
  141  19:54  Spore Crawler  
  140  20:06  Zergling x2  
  140  20:07  Zergling x16  
  148  20:59  Ultralisk x4  
  172  21:11  Zerg Flyer Weapons Level 1  
  172  21:21  Zergling x2  
  172  21:22  Zergling x2  
  172  21:54  Corruptor x7  
  170  21:55  Corruptor  
  186  22:06  Spore Crawler, Extractor  
  186  22:07  Drone x3, Extractor  
  181  22:28  Corruptor x2  
  181  22:29  Corruptor x3  
Tags
 
Add a new tag
Caveats
  • Supply blocks, unpowered buildings, or Contaminate may cause inaccurate times.
  • Supply counts are checked every 10 seconds.